 Dungeon Crawl Stone Soup version 0.32-a0-886-g41c5271027 (webtiles) character file.

Game seed: 1264012199785309485

18 Dirtsage the Cudgeller (level 2, 14/24 HPs)
             Began as a Demonspawn Monk on Apr 3, 2024.
             Quit the game on level 1 of the Dungeon.
             The game lasted 00:01:20 (761 turns).

Dirtsage the Cudgeller (Demonspawn Monk)             Turns: 761, Time: 00:01:21

Health: 14/24      AC:  5    Str: 11    XL:     2   Next: 51%
Magic:  2/2        EV: 10    Int: 10    God:
Gold:   66         SH:  0    Dex: 15    Spells: 1/1 levels left

rFire   . . .        (no weapon)
rCold   . . .        d - orb {light}
rNeg    . . .        h - +0 ring mail
rPois   .            (no helmet)
rElec   .            (no cloak)
rCorr   .            (no gloves)
SInv    .            (no boots)
Will    .....        (no amulet)
Stlth   +            (no ring)
HPRegen 0.24/turn    (no ring)
MPRegen 0.08/turn

%: no passive effects
@: glowing
A: demonic touch 1
a: no special abilities


You were on level 1 of the Dungeon.
You visited 1 branch of the dungeon, and saw 1 of its levels.

You collected 66 gold pieces.

Inventory:

Armour
 b - a +0 robe
 d - an orb of light (worn)
 h - a +0 ring mail (worn)
Scrolls
 e - a scroll of noise {unknown}
 f - a scroll of identify {unknown}
 g - a scroll of teleportation {unknown}
Potions
 c - a potion of ambrosia


   Skills:
 - Level 3.0 Fighting
 - Level 3.4 Maces & Flails
 - Level 2.6 Dodging
 * Level 0.3 Unarmed Combat


You had one spell level left.
You didn't know any spells.
Your spell library was empty.

Dungeon Overview and Level Annotations

Branches:
Dungeon (1/15)

Altars:


Innate Abilities, Weirdness & Mutations

Your touch may inflict minor irresistible damage on your foes.


Message History

You hit the dart slug.
The dart slug is moderately wounded.
The dart slug launches a dart at you. The slug dart hits you.
You take 5 damage, and have 19/24 hp.
MASSIVE DAMAGE!!
You hit the dart slug but do no damage.
The dart slug is moderately wounded.
The dart slug bites you.
You take 2 damage, and have 17/24 hp.
You hit the dart slug but do no damage.
The dart slug is moderately wounded.
The dart slug bites you.
You take 3 damage, and have 14/24 hp.
You are too injured to fight recklessly!
You are too injured to fight recklessly!
You are too injured to fight recklessly!
You are too injured to fight recklessly!
You hit the dart slug.
The dart slug is heavily wounded.
You hit the dart slug.
The dart slug is heavily wounded.
The dart slug launches a dart at you. The slug dart misses you.
You hit the dart slug.
The dart slug is severely wounded.
The dart slug bites you but does no damage.
You hit the dart slug but do no damage.
The dart slug is severely wounded.
You hit the dart slug.
The dart slug is almost dead.
The dart slug launches a dart at you. The slug dart hits you.
You take 2 damage, and have 13/24 hp.
You hit the dart slug but do no damage.
The dart slug is almost dead.
The dart slug briefly extends its eye-stalks.
The dart slug bites you but does no damage.
You hit the dart slug.
You kill the dart slug!
Are you sure you want to abandon this character and quit the game? (Confirm with "yes".)

#.......## #........#
####.....# #.....#
#.....# ####.########
#........#
###.######.####
#......@.......
#.....#####.### #.....#
#..## ### #.....# #..##
#.. #.....#######..##
#.. #.....#.........#
#.. #.....#.........####
#..
#######.........)..###..
#........###...###


There were no monsters in sight!

Vanquished Creatures
  A dart slug (D:1)
  2 giant cockroaches (D:1)
  A hobgoblin (D:1)
  3 kobolds (D:1)
  A quokka (D:1)
  3 ball pythons (D:1)
  A frilled lizard (D:1)
  4 rats (D:1)
16 creatures vanquished.

Notes
Turn   | Place    | Note
-------+----------+-------------------------------------------
     0 | D:1      | Dirtsage the Demonspawn Monk began the quest for the Orb.
     0 | D:1      | Reached XP level 1. HP: 18/18 MP: 1/1
   396 | D:1      | Gained mutation: Your touch may inflict minor irresistible
                  | damage on your foes. [demonic ancestry]
   396 | D:1      | Reached XP level 2. HP: 24/24 MP: 2/2
   761 | D:1      | Quit the game

Illustrated notes

Levels and vault maps discovered:
D:1:      roderic_octagonal_star, layout_basic

Skill      XL: |  1 |
---------------+----+-----
Maces & Flails | 3 |  3.4
Fighting       | |  3.0
Dodging        | |  2.6
Unarmed Combat | |  0.3

Action                     || total
---------------------------++-------
  Melee: Mace              ||    45
         Unarmed           ||    10
 Armour: Robe              ||    27
         Ring mail         ||     7
  Dodge: Dodged            ||    24

Table legend: (Time is in decaauts)
 A = Elapsed time spent in this place.
 B = Non-inter-level travel time spent in this place.
 C = Inter-level travel time spent in this place.
 D = Time resting spent in this place.
 E = Time spent auto-exploring this place.
 F = Levels seen in this place.
 G = Mean time per level.
                   A        B        C        D        E       F      G
               +--------+--------+--------+--------+--------+-----+--------+
         Total |    771 |    771 |      0 |      0 |    652 |   1 |  771.0 |
       Dungeon |    771 |    771 |      0 |      0 |    652 |   1 |  771.0 |
               +--------+--------+--------+--------+--------+-----+--------+

Top non-repeatable levels by time:
     D:1: 771 daAuts
